[Event "19th Lviv Tradition 2018"]
[Site "Lviv"]
[Date "2018.01.23"]
[Round "2"]
[White "Sevostianov, Pavel"]
[Black "Kagramanianz, Vartan"]
[Result "1/2-1/2"]
[ECO "A15"]
[WhiteElo "2266"]
[BlackElo "2247"]
[Annotator "NA RC"]
[PlyCount "53"]
[EventDate "2018.??.??"]
[EventType "tourn"]
[EventCountry "UKR"]
[SourceTitle "playchess.com"]
[Source "ChessBase"]
[SourceQuality "1"]
[TimeControl "5400+30"]

1. c4 Nf6 2. g3 e6 3. Nf3 d5 4. b3 Be7 5. Bg2 O-O 6. O-O c5 7. Bb2 Nc6 8. e3 b6 9. Nc3 Bb7 10. cxd5 Nxd5 11. Nxd5 Qxd5 12. d4 Rad8 13. Ne5 Qd6 14. dxc5 Qxc5 15. Nd7 Qf5 16. e4 Qg5 17. h4 Qh6 18. Bc1 g5 19. hxg5 Qg7 20. e5 Kh8 21. Bf4 Nb8 22. Bxb7 Rxd7 23. Qf3 Bxg5 24. Be4 Rdd8 25. Bxg5 Qxg5 26. Qf4 Qxf4 27. gxf4 1/2-1/2

[Event "19th Lviv Tradition 2018"]
[Site "Lviv"]
[Date "2018.01.23"]
[Round "2"]
[White "Bykovskiy, Oleg"]
[Black "Medvedyk, Volodymyr"]
[Result "1-0"]
[ECO "C26"]
[WhiteElo "2197"]
[BlackElo "2116"]
[Annotator "NA"]
[PlyCount "103"]
[EventDate "2018.??.??"]
[EventType "tourn"]
[EventCountry "UKR"]
[SourceTitle "playchess.com"]
[Source "ChessBase"]
[SourceQuality "1"]
[TimeControl "5400+30"]

1. e4 e5 2. Nc3 Nf6 3. g3 Bc5 4. Bg2 Nc6 5. d3 a6 6. Be3 {[%emt 0:00:09] C26: Vienna Game: 2...Nf6, sidelines} (6. Nge2 d6 7. h3 Be6 8. f4 h6 9. f5 Bd7 10. b3 Nd4 11. Bb2 Bc6 12. Nxd4 Bxd4 13. Qe2 b5 14. Nd1 {1-0 (60) Nakamura,H (2774)-Topalov,V (2749) Saint Louis 2017}) 6... Nd4 7. Nf3 d6 8. h3 O-O $146 ({Predecessor:} 8... Bd7 9. Bxd4 Bxd4 10. Nxd4 exd4 11. Ne2 c5 12. O-O O-O 13. c3 dxc3 14. Nxc3 Rb8 15. d4 {1-0 (28) Aleskerov,F (2406)-Serna,J (2007) Princeton 2012}) 9. Bxd4 exd4 10. Ne2 d5 11. exd5 Qxd5 12. O-O Qd6 13. Qd2 Re8 14. a3 Bd7 15. Nh4 Nd5 16. Rae1 Re7 17. g4 Rae8 18. Be4 g6 19. Qh6 Bc6 20. b4 Bb6 21. Ng3 Nf4 22. Nf3 f6 23. Bxc6 bxc6 24. Ne4 Rxe4 25. dxe4 d3 26. e5 fxe5 {[%emt 0:00:35] [#]} 27. Ng5 $2 ({Only move:} 27. Qxf4 $1 $18 exf4 28. Rxe8+ Kf7 29. Rfe1) 27... Re7 $1 28. cxd3 Qxd3 29. Kh2 Qd5 30. Ne4 Qe6 (30... Rf7 $11) 31. Rd1 Bd4 32. Rfe1 Rf7 33. Qh4 Qb3 $2 {[%emt 0:00:37] [#]} (33... Qd5 $14) 34. Qg3 $2 (34. Rxd4 $1 $18 exd4 35. Ng5) 34... Qxg3+ 35. Kxg3 Nd5 36. Re2 Kg7 37. Rc1 Ne7 38. Nc5 Nd5 (38... Rf6 {is a better defense.} 39. Rc4 Nd5) 39. Ne6+ Kh6 40. Rxc6 Bb6 41. Kh4 g5+ 42. Nxg5+ Kg7 43. Nxf7 Kxf7 {[%emt 0:00:11] [#]} 44. Rxb6 $1 Nxb6 45. Rxe5 Nc4 46. Rc5 Nxa3 47. Rxc7+ Kg8 48. Kg5 Nb5 49. Rd7 Nc3 50. f3 a5 51. bxa5 h5 52. a6 1-0

[Event "19th Lviv Tradition 2018"]
[Site "Lviv"]
[Date "2018.01.23"]
[Round "3"]
[White "Mosesov, Danylo"]
[Black "Molchanov, Oleksii"]
[Result "1/2-1/2"]
[ECO "B10"]
[WhiteElo "2294"]
[BlackElo "2329"]
[Annotator "NA"]
[PlyCount "60"]
[EventDate "2018.??.??"]
[EventType "tourn"]
[EventCountry "UKR"]
[SourceTitle "playchess.com"]
[Source "ChessBase"]
[SourceQuality "1"]
[TimeControl "5400+30"]

1. e4 c6 2. Ne2 d5 3. e5 c5 4. c3 Bf5 5. d4 Nc6 $11 {[%emt 0:00:48] LiveBook: 61 Games} 6. Ng3 Bxb1 7. Rxb1 cxd4 8. cxd4 e6 9. a3 g6 10. h4 h5 11. Bg5 Qa5+ 12. Bd2 Qb6 13. Bc3 Be7 14. Bd3 Rc8 15. Ne2 Nh6 16. Qd2 Nf5 17. Bxf5 gxf5 18. Rd1 Kd7 19. Nf4 Rcg8 20. g3 Qb3 21. Kf1 Rg4 22. Kg2 a6 23. Rc1 Rgg8 24. Qe2 Rg4 25. Qd2 Rgg8 26. Qe2 Rg4 27. Qd2 Rgg8 28. Qe2 Rg4 29. Qd2 Rgg8 30. Qe2 Rg4 1/2-1/2

[Event "19th Lviv Tradition 2018"]
[Site "Lviv"]
[Date "2018.01.23"]
[Round "3"]
[White "Kyrychenko, Maryan"]
[Black "Sevostianov, Pavel"]
[Result "1-0"]
[ECO "B00"]
[WhiteElo "2254"]
[BlackElo "2266"]
[Annotator "NA"]
[PlyCount "81"]
[EventDate "2018.??.??"]
[EventType "tourn"]
[EventCountry "UKR"]
[SourceTitle "playchess.com"]
[Source "ChessBase"]
[SourceQuality "1"]
[TimeControl "5400+30"]

1. e4 Nc6 2. Nf3 d6 3. d4 Nf6 4. Nc3 Bg4 5. Be3 e6 6. h3 Bh5 7. Be2 Be7 8. O-O O-O {[%emt 0:00:14] LiveBook: 18 Games} 9. Nd2 Bxe2 10. Qxe2 d5 $14 11. e5 Nd7 12. Qg4 Kh8 13. f4 f5 14. exf6 Nxf6 15. Qe2 Bb4 16. Nf3 Bxc3 17. bxc3 Ne4 18. Qd3 Qd6 19. c4 Nb4 20. Qd1 dxc4 21. Ne5 Nd5 22. Qf3 Nef6 23. Nxc4 Qc6 24. Qe2 Nxe3 25. Nxe3 Qe4 26. Qd2 Rad8 27. c3 c5 28. Rad1 cxd4 29. cxd4 Nh5 30. Ng4 Rxf4 31. Rfe1 Qg6 32. Qa5 Rdf8 33. Qxa7 Ng3 34. Qa3 h5 35. Ne5 Qg5 36. h4 Rxh4 37. Qxf8+ Kh7 38. Nf3 Rh1+ 39. Kf2 Rf1+ 40. Rxf1 Ne4+ 41. Kg1 1-0

[Event "19th Lviv Tradition 2018"]
[Site "Lviv"]
[Date "2018.01.23"]
[Round "3"]
[White "Kagramanianz, Vartan"]
[Black "Bets, Anatolij"]
[Result "1/2-1/2"]
[ECO "C01"]
[WhiteElo "2247"]
[BlackElo "2266"]
[Annotator "NA"]
[PlyCount "61"]
[EventDate "2018.??.??"]
[EventType "tourn"]
[EventCountry "UKR"]
[SourceTitle "playchess.com"]
[Source "ChessBase"]
[SourceQuality "1"]
[TimeControl "5400+30"]

1. e4 e6 2. d4 d5 3. exd5 exd5 4. Nf3 Nf6 5. Bd3 Bd6 6. O-O O-O 7. Bg5 Bg4 8. Nbd2 Nbd7 9. c3 c6 $11 {[%emt 0:01:15] LiveBook: 159 Games} 10. Qc2 Qc7 11. Rae1 Rae8 12. h3 Bh5 13. Rxe8 Rxe8 14. Re1 Rxe1+ 15. Nxe1 Bf4 16. Bxf4 Qxf4 17. g3 Qd6 18. Nef3 Bg6 19. Kg2 Bxd3 20. Qxd3 Qe6 21. Nf1 h6 22. Qe3 Qxe3 23. Nxe3 g6 24. Kf1 Kf8 25. Ke2 Ke7 26. Nd2 h5 27. h4 Ke6 28. Ng2 Ne8 29. Nf4+ Kf5 30. Nf1 Nd6 31. Ne3+ 1/2-1/2

[Event "19th Lviv Tradition 2018"]
[Site "Lviv"]
[Date "2018.01.23"]
[Round "3"]
[White "Kryvoruchko, Vita"]
[Black "Bykovskiy, Oleg"]
[Result "0-1"]
[ECO "A41"]
[WhiteElo "2192"]
[BlackElo "2197"]
[Annotator "NA"]
[PlyCount "66"]
[EventDate "2018.??.??"]
[EventType "tourn"]
[EventCountry "UKR"]
[SourceTitle "playchess.com"]
[Source "ChessBase"]
[SourceQuality "1"]
[TimeControl "5400+30"]

1. d4 d6 2. c4 e5 3. Nf3 e4 4. Ng5 f5 5. d5 Be7 6. h4 Nf6 7. Nc3 $15 O-O 8. e3 Ng4 9. Ne6 Bxe6 10. dxe6 Ne5 11. Nd5 c6 12. Nf4 Na6 13. Bd2 Rf6 14. Bc3 Rh6 15. Qc2 g5 16. O-O-O Qc8 17. Nh3 Rxh4 18. Bxe5 dxe5 19. Rd7 Qf8 20. f3 Nc5 21. Rd1 g4 22. fxg4 fxg4 23. Nf2 Rxh1 24. Nxh1 Qh6 25. Qe2 Qxe6 26. Ng3 Bh4 27. Rd6 Qxd6 28. Qxg4+ Kh8 29. Qxh4 Rd8 30. Qg4 Qd2+ 31. Kb1 Qe1+ 32. Kc2 Rd2+ 33. Kc3 Re2# 0-1

[Event "19th Lviv Tradition 2018"]
[Site "Lviv"]
[Date "2018.01.24"]
[Round "5"]
[White "Molchanov, Oleksii"]
[Black "Bykovskiy, Oleg"]
[Result "1/2-1/2"]
[ECO "C01"]
[WhiteElo "2329"]
[BlackElo "2197"]
[Annotator "NA"]
[PlyCount "60"]
[EventDate "2018.??.??"]
[EventType "tourn"]
[EventCountry "UKR"]
[SourceTitle "playchess.com"]
[Source "ChessBase"]
[SourceQuality "1"]
[TimeControl "5400+30"]

1. e4 e6 2. d4 d5 3. exd5 exd5 4. Nf3 Nf6 5. Bd3 Bd6 6. O-O O-O 7. Bg5 Bg4 8. Nbd2 Nbd7 9. c3 h6 10. Bh4 $11 c6 11. Qc2 {[%emt 0:00:15] LiveBook: 9 Games} Qc7 12. Bg3 Rfe8 13. Rae1 Rxe1 14. Rxe1 Re8 15. Rxe8+ Nxe8 16. Bf5 Bxf5 17. Qxf5 Bxg3 18. hxg3 g6 19. Qf4 Qxf4 20. gxf4 Kf8 21. Kf1 Ke7 22. Ke2 Nd6 23. Ne5 g5 24. Nxd7 Kxd7 25. fxg5 hxg5 26. g4 f6 27. f3 Ke6 28. a4 b6 29. b4 Nc8 30. Nb3 Nd6 1/2-1/2

[Event "19th Lviv Tradition 2018"]
[Site "Lviv"]
[Date "2018.01.24"]
[Round "5"]
[White "Mosesov, Danylo"]
[Black "Moliboga, V."]
[Result "1/2-1/2"]
[ECO "A20"]
[WhiteElo "2294"]
[BlackElo "2310"]
[Annotator "NA"]
[PlyCount "120"]
[EventDate "2018.??.??"]
[EventType "tourn"]
[EventCountry "UKR"]
[SourceTitle "playchess.com"]
[Source "ChessBase"]
[SourceQuality "1"]
[TimeControl "5400+30"]

1. c4 e5 2. g3 Nc6 3. Bg2 f5 4. Nc3 Nf6 5. d3 {[%emt 0:00:15] LiveBook: 441 Partien} Bc5 6. e3 O-O 7. Nge2 d6 8. O-O a6 9. a3 {[%emt 0:00:52] A25: English Opening vs King's Indian with ...Nc6 but without early d3} Ba7 10. b4 f4 $146 ({Find the theoretical novelty and annotate with similar games:} 10... Be6 11. Nd5 Qd7 12. Bb2 Bxd5 13. cxd5 Ne7 14. d4 e4 15. Qb3 Nexd5 16. f3 Kh8 17. fxe4 fxe4 {0-1 (33) Tatisic,M (2239)-Maric,D (2259) Belgrade 2010}) 11. gxf4 Bg4 12. b5 axb5 13. cxb5 Ne7 14. fxe5 dxe5 15. f3 Be6 16. d4 exd4 17. Nxd4 Bc4 18. Re1 Qe8 19. Bb2 Ng6 20. f4 Nh4 21. Qc2 Kh8 22. Rad1 Qh5 23. h3 Rad8 24. Qf2 Bxd4 25. Rxd4 Rxd4 26. exd4 Nxg2 27. Qxg2 Qf7 $11 ({Black should play} 27... Qh4 $17 28. Ra1 (28. Re7 Nh5 $17) 28... Qxf4) 28. Qg5 h6 29. Qf5 b6 30. a4 Nh5 31. Qxf7 Rxf7 32. f5 Nf4 33. Ba3 Nxh3+ 34. Kh2 Ng5 35. Re7 Nf3+ 36. Kh3 Nxd4 37. Rxf7 Bxf7 38. Be7 Nxf5 39. Bd8 Nd6 40. Bxc7 Nc4 41. Ne4 Kh7 42. Nd6 Nxd6 43. Bxd6 Bb3 44. Bc7 Bxa4 45. Bxb6 Bxb5 46. Kg3 g5 47. Bf2 Kg6 48. Be1 Kf5 49. Bd2 Bd7 50. Be3 h5 51. Bd2 Be6 52. Be3 h4+ 53. Kh2 Bd5 54. Bd2 Kg4 55. Be3 Bc6 56. Bd2 Kh5 57. Be3 g4 58. Bf2 Kg5 59. Be1 g3+ 60. Bxg3 hxg3+ 1/2-1/2

[Event "19th Lviv Tradition 2018"]
[Site "Lviv"]
[Date "2018.01.24"]
[Round "5"]
[White "Kyrychenko, Maryan"]
[Black "Bets, Anatolij"]
[Result "1-0"]
[ECO "B12"]
[WhiteElo "2254"]
[BlackElo "2266"]
[Annotator "NA"]
[PlyCount "109"]
[EventDate "2018.??.??"]
[EventType "tourn"]
[EventCountry "UKR"]
[SourceTitle "playchess.com"]
[Source "ChessBase"]
[SourceQuality "1"]
[TimeControl "5400+30"]

1. e4 c6 2. d4 d5 3. e5 Bf5 4. Nf3 e6 5. Be2 Nd7 6. O-O Ne7 7. Nbd2 h6 {[%emt 0:00:49] LiveBook: 694 Games B12: Caro-Kann (Vorstoß-Variante)} 8. Nb3 g5 9. Ne1 Bg7 10. f4 gxf4 11. Bxf4 Qb6 12. a4 a5 13. Kh1 {[%emt 0:01:28] [#]} O-O $146 ({Vorgänger:} 13... h5 14. Bg5 Bg6 15. Bxe7 Kxe7 {1-0 (42) Vachier Lagrave,M (2758)-Harikrishna,P (2727) Beijing 2014}) 14. Qd2 Kh7 15. Bd3 c5 16. dxc5 Nxc5 17. Nxc5 Qxc5 18. Nf3 Rac8 19. c3 Bxd3 20. Qxd3+ Ng6 21. Be3 Qc4 22. Qxc4 dxc4 23. Bb6 Bxe5 24. Bxa5 Bd6 25. Bb6 Bc5 26. Bxc5 Rxc5 27. Rad1 Rc7 28. Nd4 Ra8 29. Nb5 Re7 30. Nd6 Kg7 31. Nxc4 Rxa4 32. Nd6 $11 Ra2 33. Rd2 b6 34. h3 f5 35. Re2 Ra8 36. b4 Rd8 37. Rd1 Kf8 38. c4 h5 39. c5 bxc5 40. bxc5 h4 41. Rf1 Kg7 42. Rd1 Kf8 43. Rde1 Nf4 44. Re3 Rg7 45. Rf3 Nxg2 46. Re2 Rdd7 47. Rxg2 Rxg2 48. Kxg2 Rc7 49. Rc3 Ke7 50. Kf3 Rc6 51. Ke3 Kf6 52. Kd4 f4 53. Ke4 Kg5 54. Nf7+ Kf6 55. Ne5 1-0

[Event "19th Lviv Tradition 2018"]
[Site "Lviv"]
[Date "2018.01.24"]
[Round "5"]
[White "Kryvoruchko, Vita"]
[Black "Sevostianov, Pavel"]
[Result "0-1"]
[ECO "C07"]
[WhiteElo "2192"]
[BlackElo "2266"]
[Annotator "NA"]
[PlyCount "62"]
[EventDate "2018.??.??"]
[EventType "tourn"]
[EventCountry "UKR"]
[SourceTitle "playchess.com"]
[Source "ChessBase"]
[SourceQuality "1"]
[TimeControl "5400+30"]

1. e4 e6 2. d4 d5 3. Nd2 c5 4. exd5 Qxd5 5. Ngf3 cxd4 6. Bc4 Qd6 7. Qe2 Nf6 8. Nb3 Be7 9. Bg5 Nc6 10. O-O-O {[%emt 0:00:08] C07: French Tarrasch: 3...c5, 4 Ngf3 and 4 exd5 Qxd5} O-O (10... h6 11. Bh4 Qf4+ 12. Kb1 Qe4 13. Nbxd4 Qxe2 14. Bxe2 Bd7 15. Nxc6 Bxc6 16. Ne5 Ne4 17. Bxe7 Kxe7 {½-½ (73) Baklan,V (2617)-Danielsen,H (2543) Reykjavik 2011}) 11. Nbxd4 Nxd4 12. Rxd4 Qc5 13. Rhd1 b5 14. Bxb5 Bb7 $146 ({Predecessor:} 14... Rb8 15. Ba4 Bb7 16. Be3 Qa5 17. Bb3 Bc6 {1-0 (48) Areshchenko,K (2195)-Sluzhbina,A (1993) Nikolaev 2003}) 15. Be3 Bxf3 16. gxf3 Qh5 17. f4 Qf5 18. Ra4 Nd5 19. Bc6 Nxe3 20. fxe3 Rab8 21. c3 Rfc8 22. Be4 Qc5 23. Rdd4 Qb6 24. Rd7 Bc5 25. Bxh7+ Kf8 $16 26. Raxa7 Ke8 27. Rxf7 Qc6 28. Rad7 Ba3 29. Rxg7 Qxc3+ 30. Bc2 Qxb2+ 31. Kd2 Qc3+ 0-1

[Event "19th Lviv Tradition 2018"]
[Site "Lviv"]
[Date "2018.01.24"]
[Round "5"]
[White "Medvedyk, Volodymyr"]
[Black "Kagramanianz, Vartan"]
[Result "0-1"]
[ECO "A11"]
[WhiteElo "2116"]
[BlackElo "2247"]
[Annotator "NA"]
[PlyCount "157"]
[EventDate "2018.??.??"]
[EventType "tourn"]
[EventCountry "UKR"]
[SourceTitle "playchess.com"]
[Source "ChessBase"]
[SourceQuality "1"]
[TimeControl "5400+30"]

1. c4 c6 2. g3 d5 3. Nf3 Nf6 4. Bg2 Bf5 5. cxd5 cxd5 6. Qb3 Bc8 {[%emt 0:00:13] A11: English Opening: 1...c6} (6... Nc6 7. Qxb7 Bd7 8. Qb3 Rb8 9. Qd1 e5 10. O-O e4 11. Ne1 Bc5 12. d3 h5 13. Nc3 h4 14. dxe4 hxg3 15. hxg3 Bh3 16. Bxh3 Rxh3 17. Kg2 Qc8 18. Nd3 Rh5 19. Rh1 Rxh1 20. Qxh1 {1-0 (20) Dubov,D (2648)-Goganov,A (2627) St Petersburg 2016}) 7. O-O Nc6 8. d4 e6 9. Nc3 Be7 10. Bf4 O-O 11. Rac1 Na5 12. Qc2 $146 ({Predecessor:} 12. Qd1 Nc4 13. Ne5 Nd6 14. f3 {½-½ (50) Rasmussen,C (2303)-Johansen,T (2210) Gausdal 2001}) 12... Bd7 13. Nd2 Rc8 14. Qd3 Qb6 15. b3 Ba3 16. Rb1 Nc6 17. Nf3 Nb4 18. Qe3 Qa5 19. Qd2 Nc6 20. Na4 Bb4 21. Qb2 b5 22. a3 Be7 23. Nc5 Nxd4 24. Nxd4 $15 Bxc5 25. b4 Bxd4 26. Qxd4 Qb6 27. Qxb6 axb6 28. Be3 Rc6 29. Rfc1 Rfc8 30. Rxc6 Rxc6 31. Bd4 Be8 32. e3 Ne4 33. Bxe4 dxe4 34. f4 exf3 35. Kf2 f6 36. Kxf3 e5 37. Bb2 Rc2 38. h3 Kf7 39. e4 h5 40. Bc1 Bc6 41. g4 Rc4 42. Ra1 Rxe4 43. Kg3 hxg4 44. hxg4 Re1 45. Bb2 Re2 46. Rc1 Bd5 47. Rc7+ Kg6 48. Bc1 Rg2+ 49. Kh3 Rg1 50. Be3 Ra1 51. Rc3 Rb1 52. Bxb6 Rb3 53. Rxb3 Bxb3 54. Kg3 Kf7 55. Kf2 g6 56. Bc7 Ke6 57. Bb6 Bd1 58. Kg3 Kd5 59. Bd8 f5 60. gxf5 gxf5 61. Bc7 Ke4 62. Bb8 f4+ 63. Kf2 Kf5 64. Ke1 Bb3 65. Kf2 e4 66. Ba7 e3+ 67. Kf3 Bd1+ 68. Kg2 Ke4 69. Kf1 Bb3 70. Bb8 f3 71. Bg3 Bc4+ 72. Ke1 f2+ 73. Bxf2 exf2+ 74. Kxf2 Kd3 75. Kf3 Kc3 76. Ke3 Kb3 77. Kd4 Kxa3 78. Kc3 Bb3 79. Kd4 0-1

[Event "19th Lviv Tradition 2018"]
[Site "Lviv"]
[Date "2018.01.25"]
[Round "6"]
[White "Sevostianov, Pavel"]
[Black "Mosesov, Danylo"]
[Result "1/2-1/2"]
[ECO "A05"]
[WhiteElo "2266"]
[BlackElo "2294"]
[Annotator "RC"]
[PlyCount "98"]
[EventDate "2018.??.??"]
[EventType "tourn"]
[EventCountry "UKR"]
[SourceTitle "playchess.com"]
[Source "ChessBase"]
[SourceQuality "1"]
[TimeControl "5400+30"]

1. Nf3 Nf6 2. g3 b5 3. Bg2 Bb7 4. O-O e6 5. d3 c5 6. e4 d6 7. Ng5 h6 8. Nh3 Nbd7 9. f4 Be7 10. Nd2 Qc7 11. Nf3 O-O 12. Nf2 e5 13. Nh4 Rfe8 14. Nf5 Bf8 15. Ng4 Re6 16. Nge3 c4 17. a4 a6 18. axb5 axb5 19. Rxa8 Bxa8 20. Bd2 Qc5 21. Kh1 Bb7 22. Qe1 Qc8 23. b4 cxb3 24. cxb3 Nc5 25. Qb1 Qa8 26. b4 Na4 27. Rf2 Kh8 28. Qf1 Qd8 29. Bh3 exf4 30. gxf4 Re8 31. Bg2 Kh7 32. Qb1 g6 33. Ng3 Bg7 34. d4 Qb6 35. e5 Bxg2+ 36. Rxg2 dxe5 37. fxe5 Qxd4 38. exf6 Bxf6 39. Qb3 Re6 40. Qd5 Qb6 41. Ne4 Bg7 42. Nc5 Nxc5 43. bxc5 Qa6 44. Rf2 f5 45. Nc2 Re4 46. Qd7 Rc4 47. Be3 Qa8+ 48. Kg1 Qe4 49. Bd4 Qg4+ 1/2-1/2

[Event "19th Lviv Tradition 2018"]
[Site "Lviv"]
[Date "2018.01.25"]
[Round "7"]
[White "Molchanov, Oleksii"]
[Black "Sevostianov, Pavel"]
[Result "1-0"]
[ECO "C92"]
[WhiteElo "2329"]
[BlackElo "2266"]
[Annotator "NA"]
[PlyCount "83"]
[EventDate "2018.??.??"]
[EventType "tourn"]
[EventCountry "UKR"]
[SourceTitle "playchess.com"]
[Source "ChessBase"]
[SourceQuality "1"]
[TimeControl "5400+30"]

1. e4 e5 2. Nf3 Nc6 3. Bb5 a6 4. Ba4 Nf6 5. O-O Be7 6. Re1 b5 7. Bb3 d6 8. c3 O-O 9. h3 Re8 10. d4 Bb7 11. Nbd2 Bf8 12. Bc2 h6 13. a4 exd4 14. cxd4 Nb4 15. Bb1 c5 16. d5 Nd7 17. Ra3 f5 18. g4 fxg4 19. hxg4 c4 20. Ree3 Qf6 21. Ne1 Nc5 22. Rh3 (22. Nf1 $11 {remains equal.}) 22... g6 23. Rae3 Qd4 24. Qe2 Bc8 25. Rhg3 Qg7 26. b3 c3 27. a5 Be7 {[%emt 0:01:43] [#]} 28. Ba3 $1 ({Much worse is} 28. Rxc3 Bh4 $11) 28... cxd2 29. Qxd2 Bg5 30. Bxb4 Bf4 ({Better is} 30... Bxe3 $14 31. Qxe3 g5) 31. Bc3 Qf7 32. Qd4 Be5 {[%emt 0:01:10] [#]} 33. Qb4 $1 Bxg3 34. Rxg3 Kh7 35. Ng2 Kg8 36. e5 Qxd5 37. Bxg6 Re6 38. Bc2 $18 (38. Nf4 $2 Qd1+ 39. Be1 Rxe5 $19) 38... Bb7 39. g5 h5 40. Qh4 Rxe5 41. Qxh5 Qf7 42. Qh6 1-0

[Event "19th Lviv Tradition 2018"]
[Site "Lviv"]
[Date "2018.01.25"]
[Round "7"]
[White "Mosesov, Danylo"]
[Black "Kagramanianz, Vartan"]
[Result "1/2-1/2"]
[ECO "D10"]
[WhiteElo "2294"]
[BlackElo "2247"]
[Annotator "NA"]
[PlyCount "60"]
[EventDate "2018.??.??"]
[EventType "tourn"]
[EventCountry "UKR"]
[SourceTitle "playchess.com"]
[Source "ChessBase"]
[SourceQuality "1"]
[TimeControl "5400+30"]

1. d4 d5 2. c4 c6 3. cxd5 cxd5 4. Nc3 Nf6 {[%emt 0:00:07] LiveBook: 5188 Games} 5. Bf4 a6 6. e3 Nc6 7. Bd3 Bg4 8. Nge2 e6 9. O-O Be7 10. Rc1 Bh5 {[%emt 0:01:20] D10: Damengambit (Slawische Verteidigung)} 11. a3 Bg6 12. b4 O-O 13. Na4 Nh5 $146 ({Vorgänger:} 13... Nd7 14. Bg3 Bxd3 15. Qxd3 Rc8 16. Nc5 Nxc5 17. dxc5 b6 18. Qxa6 bxc5 19. bxc5 {½-½ (149) Prohaszka,P (2583)-Neuman,P (2499) Germany 2013}) 14. h3 Bxd3 15. Qxd3 Nxf4 16. Nxf4 Bd6 17. Ne2 Qe7 18. Rc3 Na7 19. Rfc1 Nb5 20. R3c2 Rad8 21. Nc5 Bb8 22. a4 Nd6 23. a5 Kh8 24. Rb1 Rc8 25. Rbc1 Rcd8 26. Rb1 Rc8 27. Rbc1 Rcd8 28. Rb1 Rc8 29. Rbc1 Rcd8 $11 30. Rb1 Rc8 1/2-1/2

[Event "19th Lviv Tradition 2018"]
[Site "Lviv"]
[Date "2018.01.25"]
[Round "7"]
[White "Bykovskiy, Oleg"]
[Black "Moliboga, V."]
[Result "1-0"]
[ECO "B09"]
[WhiteElo "2197"]
[BlackElo "2310"]
[Annotator "NA"]
[PlyCount "161"]
[EventDate "2018.??.??"]
[EventType "tourn"]
[EventCountry "UKR"]
[SourceTitle "playchess.com"]
[Source "ChessBase"]
[SourceQuality "1"]
[TimeControl "5400+30"]

1. e4 d6 2. d4 Nf6 3. Nc3 g6 4. f4 Bg7 5. e5 {[%emt 0:00:00] LiveBook: 131 Games} dxe5 6. dxe5 Qxd1+ 7. Kxd1 Ng4 8. Ke1 f6 9. h3 {[%emt 0:02:04] B09: Pirc Defence: Austrian Attack} Nh6 10. exf6 exf6 11. g4 f5 12. g5 $146 ({Predecessor:} 12. Bc4 fxg4 13. Nd5 Kd7 14. hxg4 Nxg4 15. f5 c6 16. Nf4 gxf5 {0-1 (46) Nieto,E (2169)-Cekro,E (2408) Belgium 2005}) 12... Nf7 13. Nf3 Bd7 14. Kf2 Nc6 15. Bc4 Nd6 16. Re1+ Kd8 17. Bb3 Nd4 18. Ne5 Re8 19. Be3 Nxb3 20. axb3 Bxe5 21. fxe5 Rxe5 22. Bd4 Ne4+ 23. Nxe4 Rxe4 24. Rxe4 fxe4 25. Ke3 Bf5 26. Kf4 Kd7 27. h4 {[%emt 0:00:02] [#]} e3 $1 28. Kxe3 Bxc2 29. b4 a6 30. Kf4 Re8 31. Be5 Re6 32. Rc1 Rc6 33. Bd4 Rc4 34. Ke5 Kc6 35. Bc3 Re4+ 36. Kf6 Bb3 37. Be5+ Rc4 38. Rh1 Rxb4 39. Kg7 Rb5 40. Bf6 Bd5 41. Rh2 ({Better is} 41. Rh3 $11) 41... Be4 ({Black should play} 41... Bf3 $1 $15) 42. Kxh7 Rd5 43. Re2 Rd7+ 44. Kh6 $14 Bd3 45. Re3 Bf5 46. Rf3 Kd5 47. h5 Be4 48. Rf2 gxh5 49. g6 Bxg6 50. Kxg6 c5 51. Rh2 b5 52. Rxh5+ Kc4 53. Rh4+ Kb3 54. Rh3+ Kb4 55. Ra3 a5 56. Bc3+ Kc4 57. Rxa5 b4 58. Be5 Kd5 59. Kf5 Rh7 60. Bf6 Rh2 61. Ra8 Rf2+ 62. Kg6 Kc6 63. Kf7 Kb7 64. Re8 Kc6 65. Ke6 c4 66. Rc8+ Kb5 67. Bd4 Rh2 68. Rc5+ Ka4 69. Rxc4 Kb3 70. Rc8 Rh5 71. Be5 Ka2 72. Ra8+ Kb3 73. Rb8 Rh4 74. Kd5 Rh5 75. Rf8 Ka2 76. Rf2 Kb3 77. Re2 Rh3 78. Kc5 Rh4 79. Kd5 Rh3 80. Re4 Rd3+ 81. Kc5 1-0

[Event "19th Lviv Tradition 2018"]
[Site "Lviv"]
[Date "2018.01.25"]
[Round "7"]
[White "Kryvoruchko, Vita"]
[Black "Kyrychenko, Maryan"]
[Result "1-0"]
[ECO "E20"]
[WhiteElo "2192"]
[BlackElo "2254"]
[Annotator "NA"]
[PlyCount "89"]
[EventDate "2018.??.??"]
[EventType "tourn"]
[EventCountry "UKR"]
[SourceTitle "playchess.com"]
[Source "ChessBase"]
[SourceQuality "1"]
[TimeControl "5400+30"]

1. d4 Nf6 2. c4 e6 3. Nc3 Bb4 4. f3 c5 {[%emt 0:00:05] LiveBook: 1011 Games} 5. a3 Bxc3+ 6. bxc3 d5 7. e3 O-O 8. Bd3 Nc6 9. Ne2 b6 10. O-O Re8 11. cxd5 exd5 12. Ng3 a5 {[%emt 0:04:31] E49: Nimzo-Indian: Rubinstein: 5 Bd3 d5 6 a3 Bxc3+ 7 bxc3} 13. Re1 (13. Kh1 Ba6 14. Bxa6 Rxa6 15. Ra2 Ra7 16. a4 Rae7 17. Qb3 cxd4 18. cxd4 Nb4 19. Re2 Rc7 20. Ba3 {0-1 (40) Tregubov,P (2585)-Mareco,S (2635) Doha 2016}) 13... Ba6 14. Bxa6 Rxa6 15. Bb2 $146 ({Predecessor:} 15. Ra2 cxd4 16. cxd4 b5 17. Rc2 Qb6 18. Rc5 a4 19. Qd3 Rb8 20. e4 dxe4 21. fxe4 Nd7 22. Rd5 Nde5 23. Qc3 Nc4 24. Nf5 N6e5 25. Bf4 Re8 26. Bxe5 {1-0 (26) Muir,A (2297)-Rogacewicz,M (1961) Hastings 2018}) 15... h5 {[%emt 0:28:08] [#]} 16. e4 $1 g6 17. e5 Nh7 18. e6 f5 19. c4 Nxd4 20. Bxd4 cxd4 21. Qxd4 dxc4 22. Qxc4 b5 $1 23. Qb3 Qb6+ 24. Kh1 Rxe6 25. Rxe6 Qxe6 26. Qxb5 Nf6 27. Rc1 a4 $14 28. Ne2 Rb6 29. Qa5 Rd6 30. Ng1 Qd7 31. Rc7 Qe8 32. Ra7 Rd8 33. Qc7 Qd7 34. Qc4+ Qd5 35. Qxa4 Rc8 36. Qb4 Re8 37. a4 Nd7 38. a5 Ne5 39. a6 Nd3 40. Qb6 Re6 41. Qb8+ Re8 42. Qb6 Qd6 43. Qb3+ Re6 44. g3 Qb6 45. Ra8+ 1-0

[Event "19th Lviv Tradition 2018"]
[Site "Lviv"]
[Date "2018.01.25"]
[Round "7"]
[White "Medvedyk, Volodymyr"]
[Black "Bets, Anatolij"]
[Result "1/2-1/2"]
[ECO "E04"]
[WhiteElo "2116"]
[BlackElo "2266"]
[Annotator "NA"]
[PlyCount "66"]
[EventDate "2018.??.??"]
[EventType "tourn"]
[EventCountry "UKR"]
[SourceTitle "playchess.com"]
[Source "ChessBase"]
[SourceQuality "1"]
[TimeControl "5400+30"]

1. d4 Nf6 2. c4 e6 3. g3 d5 4. Nf3 dxc4 5. Bg2 c5 6. O-O Nc6 7. dxc5 Bxc5 8. Qxd8+ {[%emt 0:10:03] E04: Open Catalan: 5 Nf3} (8. Qa4 O-O 9. Qxc4 Be7 10. Nc3 Bd7 11. Rd1 Rc8 12. Bg5 h6 13. Bxf6 Bxf6 14. Qd3 Qb6 15. Ne4 Be7 16. Nd6 Rcd8 17. Qb3 Qc7 18. Nb5 Qb8 19. Nbd4 Bf6 {½-½ (38) Bu,X (2710)-Lu,S (2615) Taizhou 2015}) 8... Kxd8 {[%emt 0:00:13] LiveBook: 21 Games} 9. Nbd2 Bd7 10. Nxc4 Rc8 11. Nfe5 Ke7 $1 12. Nd3 $146 ({Predecessor:} 12. Bg5 Nxe5 13. Nxe5 h6 14. Bxf6+ gxf6 15. Nxd7 Kxd7 16. Bxb7 {½-½ (63) Maze,S (2546)-Sokolov,A (2570) Nimes 2009}) 12... Nd4 13. Bxb7 Nxe2+ 14. Kg2 Nxc1 15. Raxc1 Rc7 16. Nce5 Bd6 17. Rxc7 Bxc7 18. Nxd7 Nxd7 19. Nb4 Nb8 $11 20. Rc1 Bd6 21. a3 Rd8 22. Nc6+ Nxc6 23. Bxc6 Rc8 24. Rc4 g5 25. h3 h6 26. a4 a5 27. Bb5 Rxc4 28. Bxc4 f5 29. g4 Kf6 30. Kf3 Be5 31. b3 Bc3 32. Bd3 Ke5 33. Bc4 Bb4 {Ke4+} 1/2-1/2